Map: Abiogenesis LE

Players

NaCl

  • Race: Protoss Protoss
  • League: Diamond
  • Spawn Location: 11:00

BobbyAwesome - Winner!

  • Race: Protoss Protoss
  • League: Diamond
  • Spawn Location: 5:00

VOD

Have the link to the VOD?

Description

Time

  • Played on: May 2, 2018, 6:15 a.m.
  • Length: 8:54
Show
View Real Time Build Order
Export as new Build Order

NaCl Protoss 

Build Orders:  

Get SALT Encoding   

  12  0:01  Probe  
  13  0:13  Probe  
  14  0:17  Pylon  
  14  0:25  Probe  
  15  0:37  Probe  
  15  0:39  Gateway  
  16  0:45  Assimilator  
  16  0:49  Probe  
  17  0:58  Assimilator  
  17  1:01  Probe  
  18  1:16  Gateway  
  18  1:19  Pylon  
  18  1:22  Probe  
  19  1:29  Cybernetics Core  
  19  1:31  Probe  
  20  1:40  Probe  
  21  1:51  Probe  
  22  1:59  Stalker  
  22  2:08  Stalker  
  26  2:10  Warp Gate, Probe  
  26  2:12  Pylon  
  27  2:24  Probe  
  28  2:31  Gateway  
  28  2:34  Pylon  
  28  2:38  Stalker  
  30  2:45  Stalker  
  32  2:56  Twilight Council  
  32  3:00  Probe  
  33  3:08  Stalker  
  33  3:27  Probe  
  32  3:52  Probe  
  33  4:04  Gateway, Probe  
  34  4:13  Pylon  
  34  4:15  Pylon  
  34  4:16  Blink  
  34  4:17  Pylon  
  34  4:30  Probe  
  22  4:42  Probe  
  22  4:44  Stalker  
  19  4:54  Probe  
  19  4:55  Stalker x2  
  24  5:06  Probe  
  25  5:13  Stalker  
  27  5:18  Probe  
  27  5:20  Sentry  
  30  5:26  Stalker  
  32  5:30  Probe  
  32  5:34  Stalker  
  35  5:42  Probe  
  36  5:43  Stalker  
  38  5:51  Stalker  
  40  6:01  Stalker  
  35  6:20  Stalker x2  
Show
View Real Time Build Order
Export as new Build Order

BobbyAwesome Protoss - Winner!

Build Orders:  

Get SALT Encoding   

  12  0:01  Probe  
  13  0:14  Pylon  
  13  0:21  Assimilator  
  14  0:32  Gateway, Probe  
  13  0:40  Probe  
  15  0:50  Probe  
  16  1:02  Probe  
  17  1:04  Gateway  
  17  1:14  Probe  
  18  1:19  Cybernetics Core  
  18  1:26  Probe  
  19  1:37  Zealot  
  19  1:39  Probe  
  22  1:42  Pylon  
  22  1:50  Stalker  
  22  1:54  Stalker  
  22  1:59  Warp Gate  
  26  2:13  Probe  
  27  2:24  Stalker  
  27  2:28  Stalker  
  31  2:36  Pylon  
  31  2:41  Assimilator  
  31  2:54  Probe  
  32  3:06  Probe  
  33  3:17  Stalker  
  33  3:18  Stalker  
  35  3:27  Gateway  
  35  3:28  Pylon  
  33  4:07  Robotics Facility  
  33  4:08  Pylon  
  29  4:49  Stalker x2  
  29  4:52  Immortal  
  31  5:05  Gateway  
  35  5:09  Gateway  
  35  5:14  Stalker x3  
  41  5:28  Observer  
  42  5:38  Stalker x3  
  35  6:58  Stalker x2  
  37  7:23  Nexus  
  34  7:58  Pylon  
Tags
 
Add a new tag
Caveats
  • Supply blocks, unpowered buildings, or Contaminate may cause inaccurate times.
  • Supply counts are checked every 10 seconds.